 Dungeon Crawl Stone Soup version bcrawl-1.34.4 (webtiles) character file.

Game seed: 17989348657807283755

119663 KristoblXynda the Slasher (level 4, 0/35 HPs)
             Began as a Vampire Gladiator on Oct 24, 2021.
             Slain by a goblin
             ... wielding a +0 dagger
              (3 damage)
             ... on level 2 of the Dungeon.
             The game lasted 00:03:23 (2741 turns).

KristoblXynda the Slasher (Vampire Gladiator)       Turns: 2741, Time: 00:03:24

Health: 0/35       AC:  4    Str: 18      XL:     4   Next: 81%
Magic:  4/4        EV: 13    Int:  8      God:
Gold:   135        SH:  1    Dex: 13 (14) Spells: 3/3 levels left

rFire    . . .     SeeInvis +   a - +0 long sword
rCold    . . .     Gourm    .   (no shield)
rNeg     + . .     Faith    .   b - +0 leather armour
rPois    .         Spirit   .   c - +0 helmet
rElec    .         Reflect  .   (no cloak)
rCorr    .         Harm     .   (no gloves)
MR       .....                  (no boots)
Stlth    +++.......             (no amulet)
HPRegen  0.11/turn              (no ring)
MPRegen  0.09/turn              (no ring)

@: no status effects
A: claws 1, fangs 3, see invisible, unbreathing
a: no special abilities


You were on level 2 of the Dungeon.
You were not thirsty.

You visited 1 branch of the dungeon, and saw 3 of its levels.

You collected 135 gold pieces.

Inventory:

Hand Weapons
 a - a +0 long sword (weapon)
Missiles
 d - 3 throwing nets (quivered) {=f}
 f - 111 javelins of penetration {=f}
Armour
 b - a +0 leather armour (worn)
 c - a +0 helmet (worn)
Scrolls
 h - a scroll of teleportation {unknown}
 i - 3 scrolls of identify
 j - a scroll of enchant armour {unknown}
 m - a scroll of enchant weapon {unknown}
 n - a scroll of amnesia {unknown}
Potions
 e - 2 potions of heal wounds
 g - 2 potions of lignification {unknown}
 k - a potion of haste {unknown}
 l - a potion of magic {unknown}
 q - 7 potions of blood


   Skills:
 + Level 3.4 Fighting
 + Level 4.6 Long Blades
 - Level 2.0 Throwing
 + Level 4.1 Dodging
 + Level 2.6 Stealth


You had 3 spell levels left.
You didn't know any spells.
Your spell library was empty.

Dungeon Overview and Level Annotations

Branches:
Dungeon (3/12)

Altars:


Innate Abilities, Weirdness & Mutations

You have sharp fingernails.
You have razor-sharp teeth.
You have supernaturally acute eyesight. (SInv)
You can survive without breathing.


Message History

* * * LOW HITPOINT WARNING * * *
You block the goblin's attack.
The orc wizard hits you with a +0 dagger.
* * * LOW HITPOINT WARNING * * *
The goblin barely misses you.
You are feeling thirsty.
You hit the orc wizard. Your bite misses the orc wizard.
The orc wizard is heavily wounded.
The orc wizard hits you but does no damage.
The goblin misses you.
Yummy - fresh blood!
The orc wizard completely misses you.
The orc wizard hits you with a +0 dagger.
* * * LOW HITPOINT WARNING * * *
The goblin hits you with a +0 dagger.
* * * LOW HITPOINT WARNING * * *
Yummy - fresh blood!
The orc wizard hits you with a +0 dagger.
* * * LOW HITPOINT WARNING * * *
The goblin hits you with a +0 dagger.
You die...

####### #.....#
### #.###.###
##o## #.###.#.#
##g#>#####........
#@#........(##....
##o..#####........
##.## #######.#
#.# #.# #.# #.#
#.# ##+# #.# ##...
#.#### ##....
#.##.## ##.....


You could see an orc wizard, an orc and a goblin.

Vanquished Creatures
  An orc priest (D:2)
  A worker ant (D:2)
  3 worms (D:2)
  4 dart slugs
  3 leopard geckos
  An orc (D:2)
  A goblin (D:2)
  8 hobgoblins
  A jackal (D:1)
  2 quokkas (D:2)
  2 ball pythons (D:1)
  5 bats (D:2)
  5 frilled lizards
  4 kobolds
  7 rats
48 creatures vanquished.

Notes
Turn   | Place    | Note
-------+----------+-------------------------------------------
     0 | D:1      | KristoblXynda the Vampire Gladiator began the quest for the
                  | Orb.
     0 | D:1      | Reached XP level 1. HP: 17/17 MP: 1/1
   580 | D:1      | Reached XP level 2. HP: 23/23 MP: 2/2
  1356 | D:2      | Reached skill level 1 in Stealth
  1356 | D:2      | Reached XP level 3. HP: 14/29 MP: 3/3
  1805 | D:2      | Reached XP level 4. HP: 33/35 MP: 4/4
  2741 | D:2      | Slain by a goblin

Skill      XL: |  1  2  3  4 |
---------------+-------------+-----
Long Blades    | 4 |  4.6
Fighting       | 3 |  3.4
Throwing       | 2 |  2.0
Stealth        | 1 2 |  2.6
Dodging        | 4 |  4.1

Action                   |  1- 3 |  4- 6 || total
-------------------------+-------+-------++-------
Melee: Long sword        |    95 |    52 ||   147
       Bite              |     9 |     4 ||    13
Throw: Throwing net      |     1 |     1 ||     2
  Use: Potion            |     6 |     4 ||    10
 Stab: Sleeping          |     7 |     3 ||    10
Armor: Leather armour    |    10 |    21 ||    31
Dodge: Dodged            |    60 |    54 ||   114
Block: Other             |     1 |     3 ||     4
